 Dungeon Crawl Stone Soup version 0.31-a0-1603-gbec6b6ccbf (webtiles) character file.

Game seed: 2638736360690288881

8535 demibob the Carver (level 11, -1/75 HPs)
             Began as a Demonspawn Chaos Knight on Jan 7, 2024.
             Was a Plaything of Xom.
             Shot with an arrow by a centaur (3 damage)
             ... on level 10 of the Dungeon.
             The game lasted 00:18:44 (12460 turns).

demibob the Carver (Demonspawn Chaos Knight)       Turns: 12460, Time: 00:18:44

Health: -1/75      AC:  7    Str: 14    XL:     11   Next: 11%
Magic:  9/9        EV: 16    Int: 25    God:    Xom [....*.]
Gold:   741        SH:  0    Dex: 15    Spells: 10/10 levels left

rFire   . . .        a - +3 great sword
rCold   + . .        (shield currently unavailable)
rNeg    . . .        i - +0 steam dragon scales
rPois   .            (helmet restricted)
rElec   .            l - scarf {shadows}
rCorr   .            (no gloves)
SInv    .            k - +1 pair of boots
Will    .....        (no amulet)
Stlth   +            u - ring of Ciamil {Int+6 Slay+2}
HPRegen 0.32/turn    (no ring)
MPRegen 0.11/turn

%: no passive effects
@: agile, studying Armour
A: antennae 1, slimy green scales 2, demonic guardian 1, powered by pain 2,
hooves 1, agile 1, clever 2, cold resistance 1, deformed body, frail 1, low MP
1, passive freeze, inability to drink after injury 1, MP-powered wands
a: Renounce Religion


You were on level 10 of the Dungeon.
You worshipped Xom.
You were a beloved toy of Xom.
You visited 1 branch of the dungeon, and saw 10 of its levels.
You also visited: Sewer and Bailey.

You collected 741 gold pieces.


Innate Abilities, Weirdness & Mutations

You have a pair of small antennae on your head.
You are mostly covered in slimy green scales. (AC +3)
A weak demonic guardian rushes to your aid.
You sometimes gain power by taking damage.
You have large cloven feet.
You are agile. (Dex +4, Str/Int -1)
Your mind is very acute. (Int +8, Str/Dex -2)
Your flesh is cold resistant. (rC+)
Armour fits poorly on your strangely shaped body.
You are frail. (-10% HP)
Your magical capacity is low. (-10% MP)
A frigid envelope surrounds you and freezes all who hurt you.
You occasionally lose the ability to drink potions when taking damage.
You expend magic power (3 MP) to strengthen your wands.


   Skills:
 - Level 7.2 Fighting
 + Level 14.7 Long Blades
 - Level 1.7 Armour
 - Level 0.8 Dodging


You had 10 spell levels left.
You didn't know any spells.
Your spell library contained the following spells:

 Spells                   Type           Power      Damage    Failure   Level
 Blink                    Tloc           0%         N/A       21%         2
 Jinxbite                 Hex            0%         N/A       21%         2
 Lesser Beckoning         Tloc           0%         N/A       21%         2
 Momentum Strike          Conj/Tloc      0%         3d8       21%         2
 Call Canine Familiar     Summ           0%         N/A       38%         3
 Frozen Ramparts          Ice            0%         1d1       38%         3
 Sigil of Binding         Hex            0%         N/A       38%         3
 Anguish                  Hex/Necr       0%         N/A       80%         4
 Dimensional Bullseye     Hex/Tloc       0%         N/A       80%         4
 Leda's Liquefaction      Alch/Erth      0%         N/A       80%         4
 Vhi's Electric Charge    Tloc/Air       0%         N/A       80%         4
 Arcjolt                  Conj/Air       0%         1d10      98%         5
 Curse of Agony           Necr           0%         N/A       98%         5
 Lee's Rapid Deconstruct  Erth           0%         3d4*      98%         5
 Yara's Violent Unravell  Hex/Alch       0%         3d3       98%         5
 Bombard                  Conj/Erth      0%         9d1       100%        6
 Death Channel            Necr           0%         N/A       100%        6
 Enfeeble                 Hex            0%         N/A       100%        7
 Maxwell's Capacitive Co  Air            0%         ∞         100%        8

Inventory:

Hand Weapons
 a - a +3 great sword (weapon)
 g - the +7 war axe of the Blind Eye {flame, SInv}
   (You found it on level 6 of the Dungeon)

   SInv:      It lets you see invisible.
 s - a +1 falchion of chaos
Missiles
 o - a throwing net (quivered) {=f}
Armour
 i - +0 steam dragon scales (worn)
 k - a +1 pair of boots (worn)
 l - a scarf of shadows (worn)
 m - the +2 ring mail "Arau" {rN+ Regen+ Stlth+}
   (You found it on level 6 of the Dungeon)

   rN+:       It protects you from negative energy.
   Regen+:    It increases your rate of health regeneration.
   Stlth+:    It makes you more stealthy.
Magical Staves
 h - a staff of alchemy {!a}
Jewellery
 u - the ring of Ciamil (left hand) {Int+6 Slay+2}
   (You acquired it on level 9 of the Dungeon)

   [ring of intelligence]

   Int+6:     It affects your intelligence (+6).
   Slay+2:    It affects your accuracy & damage with ranged weapons and melee
   (+2).
 F - a ring of fire
Scrolls
 c - 6 scrolls of identify {@r1}
 e - 3 scrolls of enchant armour
 j - a scroll of enchant weapon
 r - a scroll of amnesia
Potions
 d - 4 potions of brilliance
 p - a potion of haste {@q3}
 t - a potion of mutation
 w - a potion of enlightenment
 x - a potion of ambrosia

Dungeon Overview and Level Annotations

Branches:
Dungeon (10/15)            Temple (0/1) D:4             Orc (0/2) D:9
  Sewer (visited)          Bailey (visited)
   Lair: D:8-11

Altars:
Cheibriados
Ru
Trog
Yredelemnul

Shops:
D:3 :   D:5 :

Annotations:
D:6 3 runed translucent doors, Phlounder's ghost, novice DjSh
D:7 2 transporters, CougarLife's ghost, novice TrFi

###### #....#
#....###########
#..............### .[
#.................
...######..........####.##
..........c........##.....
.!..c..▒▒▒$▒▒......#......
.......▒5@..▒......#......
.[.....▒....▒..........⚑..
.......▒....▒......#......
.......▒'▒▒▒▒......#......
......... ##.....
......... ###.## ### .....
##########..
#####.........#.


You could see a centaur and a friendly ufetubus (summoned).


Message History

The vampire is moderately damaged.
The vampire mumbles some strange words.
The vampire flickers and vanishes!
Deactivating autopickup; reactivate with Ctrl-A.
The centaur shoots an arrow.
The arrow barely misses you.
You miss something. Something hits you.
* * * LOW HITPOINT WARNING * * *
Something bites you!
* * * LOW HITPOINT WARNING * * *
Something draws strength from your injuries!
The centaur shoots an arrow.
You barely miss something.
The centaur shoots an arrow.
Something hits you.
* * * LOW HITPOINT WARNING * * *
Something bites you.
* * * LOW HITPOINT WARNING * * *
Something draws strength from your injuries!
You completely miss something.
The centaur shoots an arrow.
Something draws life force from you!
* * * LOW HITPOINT WARNING * * *
You barely miss something. Something hits you!
* * * LOW HITPOINT WARNING * * *
Xom is amused.
Something bites you but does no damage.
Okay, then.
Okay, then.
You slice something!!
Reactivating autopickup.
You feel a bit more experienced.
The centaur shoots an arrow.
The arrow hits you.
You die...

Skill      XL: |  1  2  3  4  5  6  7  8  9 10 |
---------------+-------------------------------+-----
Long Blades    | 3 4 5 6 7 9 11 12 14 | 14.7
Fighting       | 6 7 |  7.2
Armour         | |  1.7
Dodging        | |  0.8

Action                     |  1- 3 |  4- 6 |  7- 9 | 10-12 || total
---------------------------+-------+-------+-------+-------++-------
  Melee: Falchion          |   117 |   121 |   322 |     7 ||   567
         Punch             |     2 |       |     4 |       ||     6
         Great sword       |       |       |       |   180 ||   180
  Throw: Throwing net      |       |       |       |     1 ||     1
  Evoke: Wand              |       |       |     9 |    43 ||    52
    Use: Scroll            |     3 |     7 |     4 |    11 ||    25
         Potion            |       |     2 |     9 |     4 ||    15
   Stab: Sleeping          |     1 |       |     2 |       ||     3
         Petrifying        |     1 |       |       |       ||     1
         Paralysed         |       |     1 |       |       ||     1
 Armour: Leather armour    |    89 |    60 |   148 |       ||   297
         Ring mail         |       |       |    31 |     1 ||    32
         Steam dragon scal |       |       |       |   173 ||   173
  Dodge: Dodged            |    85 |    56 |   141 |   120 ||   402
  Block: Other             |     2 |    14 |    49 |    13 ||    78

Levels and vault maps discovered:
D:1:      dpeg_arrival_simpleton_a, layout_basic,
          shapermc_ecumenical_altar_mp_ritualfount, roderic_lattice_a
D:2:      layout_basic, minmay_stone_trees_small, uniq_jessica
D:3:      layout_basic, nicolae_shop_vocational
D:4:      layout_loops_corners, minmay_temple_entry_butterflies,
          kennysheep_generic_room_8, uniq_ijyb
D:5:      layout_basic, gup_sewer_entry_bubbles, serial_shops, shop
D:6:      layout_gridville, mainiacjoe_overflow_concentric_impassable,
          gammafunk_ghost_split, uniq_menkaure
D:7:      kennysheep_spiral_hall, layout_rooms, slow_altar_1,
          mainiacjoe_overflow_chevrons, mainiacjoe_overflow_brackets,
          gammafunk_ghost_wrathful_warriors
D:8:      layout_basic, serial_library_hellmonk_semicircle,
          kennysheep_small_spiral
D:9:      layout_stronghold, orc_0_dummy, fountainhead
D:10:     layout_irregular_city, old_standard_altar, lemuel_crystal_altar,
          enter_bailey_2

Notes
Turn   | Place    | Note
-------+----------+-------------------------------------------
     0 | D:1      | demibob the Demonspawn Chaos Knight began the quest for the
                  | Orb.
     0 | D:1      | Reached XP level 1. HP: 18/18 MP: 1/1
    29 | D:1      | Reached skill level 3 in Long Blades
    67 | D:1      | Gained mutation: A weak demonic guardian rushes to your
                  | aid. [demonic ancestry]
    67 | D:1      | Reached XP level 2. HP: 24/24 MP: 2/2
   234 | D:1      | XOM: silly message
   400 | D:1      | Found a faded altar of an unknown god.
   418 | D:1      | XOM: give mutations
   418 | D:1      | Gained mutation: You are partially covered in large bone
                  | plates. (SH +4) [Xom's mischief]
   418 | D:1      | Gained mutation: You occasionally lose the ability to drink
                  | potions when taking damage. [Xom's mischief]
   499 | D:1      | XOM: give mutations
   499 | D:1      | Gained mutation: Your mind is acute. (Int +4, Str/Dex -1)
                  | [Xom's mischief]
   499 | D:1      | Gained mutation: Armour fits poorly on your strangely
                  | shaped body. [Xom's mischief]
   572 | D:1      | Reached XP level 3. HP: 29/29 MP: 3/3
   936 | D:1      | Reached skill level 4 in Long Blades
  1010 | D:2      | Noticed Jessica
  1022 | D:2      | Killed Jessica
  1162 | D:2      | XOM: silly message
  1185 | D:2      | Gained mutation: You are partially covered in slimy green
                  | scales. (AC +2) [demonic ancestry]
  1185 | D:2      | Reached XP level 4. HP: 4/35 MP: 4/4
  1309 | D:2      | XOM: give mutations
  1309 | D:2      | Gained mutation: A frigid envelope surrounds you and
                  | freezes all who hurt you. [Xom's mischief]
  1309 | D:2      | Gained mutation: Your magical capacity is low. (-10% MP)
                  | [Xom's mischief]
  1309 | D:2      | Gained mutation: You are frail. (-10% HP) [Xom's mischief]
  1386 | D:2      | XOM: god gift: 2 stones
  1774 | D:2      | Reached skill level 5 in Long Blades
  1851 | D:3      | Noticed an orc warrior
  1860 | D:3      | Killed an orc warrior
  1861 | D:3      | Reached XP level 5. HP: 29/36 MP: 4/4
  2248 | D:3      | Found Tuhin's Vocational Training.
  2406 | D:3      | Reached skill level 6 in Long Blades
  2519 | D:4      | Found a staircase to the Ecumenical Temple.
  2554 | D:4      | XOM: summons 3 hostile demons
  2555 | D:4      | Noticed a chaos spawn
  2808 | D:4      | XOM: smoke on damage
  2809 | D:4      | Reached XP level 6. HP: 25/42 MP: 5/5
  2948 | D:4      | Noticed Ijyb
  2959 | D:4      | Killed Ijyb
  3145 | D:4      | Reached skill level 7 in Long Blades
  3242 | D:4      | Identified the +3 leather armour of Infinity {Dex+2}
  3259 | D:4      | XOM: 2-stop teleportation journey
  3269 | D:4      | XOM: give mutations
  3269 | D:4      | Gained mutation: You expend magic power (3 MP) to
                  | strengthen your wands. [Xom's grace]
  3269 | D:4      | Gained mutation: Your mind is very acute. (Int +8, Str/Dex
                  | -2) [Xom's grace]
  3296 | D:4      | XOM: 3-stop teleportation journey
  3518 | D:4      | XOM: torment (22/42 hp)
  3786 | D:5      | Entered Level 5 of the Dungeon
  3814 | D:5      | Gained mutation: You sometimes gain a little power by
                  | taking damage. [demonic ancestry]
  3814 | D:5      | Reached XP level 7. HP: 45/46 MP: 6/6
  3825 | D:5      | XOM: summons 4 hostile demons
  3844 | D:5      | XOM: polymorph crimson imp -> cerulean imp
  3899 | D:5      | XOM: chaos cloud
  3934 | D:5      | Found a glowing drain.
  3940 | Sewer    | Entered a sewer
  4029 | Sewer    | Reached skill level 8 in Long Blades
  4034 | Sewer    | XOM: silly message
  4185 | Sewer    | XOM: cloud trail
  4318 | Sewer    | XOM: divination: magic mapping
  4568 | D:5      | Noticed a troll
  4571 | D:5      | XOM: silly message
  4572 | D:5      | Killed a troll
  4573 | D:5      | Reached skill level 9 in Long Blades
  4573 | D:5      | Gained mutation: You sometimes gain power by taking damage.
                  | [demonic ancestry]
  4573 | D:5      | Reached XP level 8. HP: 52/52 MP: 0/7
  4642 | D:5      | XOM: silly message
  4661 | D:5      | XOM: god gift: thick glowing staff {god gift}
  4685 | D:5      | XOM: potion effect (brilliance)
  4789 | D:5      | Reached skill level 10 in Long Blades
  4828 | D:5      | Found Dimnyhico's Book Emporium.
  4845 | D:5      | XOM: silly message
  4957 | D:5      | HP: 2/52 [acid dragon/splash of acid (12)]
  4961 | D:5      | Identified a potion of resistance
  5239 | D:5      | Reached skill level 11 in Long Blades
  5725 | D:5      | XOM: give mutations
  5725 | D:5      | Gained mutation: You possess an exceptional clarity of
                  | mind. [Xom's grace]
  5725 | D:5      | Gained mutation: You are agile. (Dex +4, Str/Int -1) [Xom's
                  | grace]
  5725 | D:5      | Gained mutation: You are covered in fur. (AC +1) [Xom's
                  | grace]
  5725 | D:5      | Gained mutation: You have a somewhat thin skeletal
                  | structure. (Dex +2, Stealth+) [Xom's grace]
  5850 | D:6      | Gained mutation: You have a pair of small antennae on your
                  | head. [demonic ancestry]
  5850 | D:6      | Reached XP level 9. HP: 45/57 MP: 8/8
  5885 | D:6      | XOM: silly message
  5885 | D:6      | Noticed Menkaure
  5895 | D:6      | Killed Menkaure
  5997 | D:6      | Reached skill level 4 in Fighting
  6328 | D:6      | Identified the +7 war axe of the Blind Eye {flame, SInv}
  6404 | D:6      | Found a runed translucent gate.
  6404 | D:6      | Found a runed translucent gate.
  6405 | D:6      | Found a runed translucent gate.
  6407 | D:6      | Noticed Phlounder's ghost (novice DjSh)
  6407 | D:6      | Noticed a two-headed ogre
  6412 | D:6      | Noticed a two-headed ogre
  6524 | D:6      | Found a sacrificial altar of Ru.
  6537 | D:6      | XOM: swap monsters
  6540 | D:6      | Reached skill level 5 in Fighting
  6818 | D:6      | Identified the +2 ring mail "Arau" {rN+ Regen+ Stlth+}
  6925 | D:6      | Lost mutation: You have a somewhat thin skeletal structure.
                  | (Dex +2, Stealth+) [potion of mutation]
  6925 | D:6      | Lost mutation: You possess an exceptional clarity of mind.
                  | [potion of mutation]
  6925 | D:6      | Lost mutation: You are covered in fur. (AC +1) [potion of
                  | mutation]
  6925 | D:6      | Gained mutation: Your flesh is cold resistant. (rC+)
                  | [potion of mutation]
  6926 | D:6      | Upgraded the game from 0.31-a0-1591-g515db51633 to
                  | 0.31-a0-1603-gbec6b6ccbf
  6947 | D:7      | Found a snail-covered altar of Cheibriados.
  6975 | D:7      | Found a transporter.
  6991 | D:7      | Noticed CougarLife's ghost (novice TrFi)
  6995 | D:7      | Found a transporter.
  7000 | D:7      | Noticed a moth of wrath
  7265 | D:7      | Found a bloodstained altar of Trog.
  7364 | D:7      | Noticed a two-headed ogre
  7364 | D:7      | XOM: summons friendly white imp
  7372 | D:7      | XOM: butterfly on damage
  7372 | D:7      | HP: 4/62 [two-headed ogre/+0 giant club (11)]
  7373 | D:7      | Killed a two-headed ogre
  7374 | D:7      | Reached skill level 6 in Fighting
  7374 | D:7      | Reached skill level 12 in Long Blades
  7396 | D:7      | Reached XP level 10. HP: 32/69 MP: 5/9
  7470 | D:7      | Reached skill level 7 in Fighting
  8014 | D:8      | XOM: 1-stop teleportation journey
  8129 | D:8      | XOM: noise
  8367 | D:8      | XOM: 1-stop teleportation journey
  8468 | D:8      | XOM: give mutation
  8468 | D:8      | Gained mutation: You have large cloven feet. [Xom's
                  | mischief]
  8539 | D:8      | XOM: give mutation
  8539 | D:8      | Lost mutation: You are partially covered in large bone
                  | plates. (SH +4) [Xom's mischief]
  8825 | D:8      | Got the Volume of the Iceberg and the Charnel House
  9159 | D:8      | XOM: summons 4 hostile shadow creatures
  9351 | D:9      | XOM: 1-stop teleportation journey
  9369 | D:9      | Reached skill level 13 in Long Blades
  9441 | D:9      | XOM: stat loss: -1 Int (18/19)
  9568 | D:9      | Identified a scroll of acquirement
  9568 | D:9      | Acquired the ring of Ciamil {Int+6 Slay+2}
  9993 | D:9      | Noticed a two-headed ogre
  9999 | D:9      | Killed a two-headed ogre
 10182 | D:9      | XOM: god gift: plate armour {god gift}
 10200 | D:9      | Found a staircase to the Orcish Mines.
 10314 | D:9      | XOM: torment (37/71 hp)
 10615 | D:10     | Entered Level 10 of the Dungeon
 10615 | D:10     | Found a flagged portal.
 10620 | Bailey   | Entered a bailey
 10853 | Bailey   | Reached skill level 14 in Long Blades
 11070 | Bailey   | XOM: silly message
 11153 | Bailey   | XOM: summons 5 hostile demons
 11860 | Bailey   | XOM: enchant monster (bad)
 12018 | Bailey   | XOM: 1-stop teleportation journey
 12125 | D:10     | XOM: 4-stop teleportation journey
 12138 | D:10     | Noticed a two-headed ogre
 12145 | D:10     | XOM: butterfly on damage
 12149 | D:10     | XOM: summons 3 friendly demons
 12150 | D:10     | Killed a two-headed ogre
 12151 | D:10     | Gained mutation: You are mostly covered in slimy green
                  | scales. (AC +3) [demonic ancestry]
 12151 | D:10     | Reached XP level 11. HP: 42/75 MP: 9/9
 12187 | D:10     | XOM: god gift: sling {god gift}
 12330 | D:10     | Found a basalt altar of Yredelemnul.
 12429 | D:10     | XOM: summons 6 hostile demons
 12459 | D:10     | HP: 2/75 [something (8)]
 12460 | D:10     | Shot with an arrow by a centaur

Vanquished Creatures
  A two-headed ogre (D:9)
  A troll (D:5)
  A vampire (D:10)
  A wyvern (D:10)
  2 vampire mosquitoes (D:9)
  Menkaure (D:6)
  An acid dragon (D:5)
  2 water moccasins
  3 ice beasts
  2 black bears
  2 ogres
  11 orc warriors
  5 centaurs
  3 phantoms
  A kobold brigand (D:8)
  3 bullfrogs
  8 scorpions
  8 wights
  3 killer bees (D:6)
  An electric eel (D:9)
  5 howler monkeys
  A jelly (D:7)
  3 hounds
  2 gnoll boudas
  6 orc priests
  Jessica (D:2)
  3 iguanas
  Ijyb (D:4)
  6 orc wizards
  9 gnolls
  15 adders
  A river rat (D:5)
  A white imp (D:6)
  2 ufetubi (D:6)
  5 dart slugs
  4 ribbon worms
  63 orcs
  17 endoplasms
  17 giant cockroaches
  6 goblins
  6 hobgoblins
  3 jackals (D:1)
  6 quokkas
  13 ball pythons
  5 bats
  10 frilled lizards
  19 kobolds
  5 rats
295 creatures vanquished.

Vanquished Creatures (collateral kills)
  2 two-headed ogres
  A wraith (D:10)
  A steam dragon (D:7)
  An orc warrior (D:3)
  A phantom (D:7)
  A bullfrog (D:7)
  4 wights (D:7)
  2 howler monkeys (D:10)
  A bombardier beetle (D:4)
  A jelly (D:7)
  A ribbon worm (D:2)
  2 orcs (D:3)
  A ball python (D:1)
  A hobgoblin (D:2)
  A goblin (D:3)
21 creatures vanquished.

Vanquished Creatures (others)
  A goblin (D:4)
1 creature vanquished.

Grand Total: 317 creatures vanquished

Table legend: (Time is in decaauts)
 A = Elapsed time spent in this place.
 B = Non-inter-level travel time spent in this place.
 C = Inter-level travel time spent in this place.
 D = Time resting spent in this place.
 E = Time spent auto-exploring this place.
 F = Levels seen in this place.
 G = Mean time per level.
                   A        B        C        D        E       F      G
               +--------+--------+--------+--------+--------+-----+--------+
         Total |  12494 |  12257 |    237 |   1374 |   8717 |  12 | 1041.2 |
       Dungeon |  10526 |  10289 |    237 |    789 |   7878 |  10 | 1052.6 |
         Sewer |    517 |    517 |      0 |      0 |    314 |   1 |  517.0 |
        Bailey |   1450 |   1450 |      0 |    585 |    524 |   1 | 1450.0 |
               +--------+--------+--------+--------+--------+-----+--------+

Top non-repeatable levels by time:
     D:8: 1721 daAuts
     D:5: 1559 daAuts
  Bailey: 1450 daAuts
     D:4: 1285 daAuts
     D:9: 1266 daAuts
     D:6: 1100 daAuts
     D:1: 1029 daAuts
     D:2: 840 daAuts
     D:7: 679 daAuts
     D:3: 667 daAuts
   Sewer: 517 daAuts
    D:10: 377 daAuts

Table legend:
 A = Non-vault XP
 B = Vault XP
 C = Vault XP percentage of total XP
 D = Non-vault monster count
 E = Vault monster count
 F = Vault count percentage of total count
                 A         B        C        D         E       F
            +---------+---------+-------+---------+---------+-------
      Total |    9116 |    3221 |  26.1 |     223 |      93 |  29.4
            +---------+---------+-------+---------+---------+-------
        D:1 |      56 |       0 |   0.0 |      33 |       0 |   0.0
        D:2 |      68 |      37 |  35.2 |      21 |       1 |   4.5
        D:3 |     181 |       0 |   0.0 |      13 |       0 |   0.0
        D:4 |     323 |      49 |  13.2 |      19 |       2 |   9.5
        D:5 |    1657 |      46 |   2.7 |      29 |       6 |  17.1
        D:6 |     977 |     172 |  15.0 |      20 |       1 |   4.8
        D:7 |    1365 |    1015 |  42.6 |      25 |       5 |  16.7
        D:8 |     988 |       0 |   0.0 |      41 |       0 |   0.0
        D:9 |    1842 |       0 |   0.0 |      14 |       0 |   0.0
       D:10 |    1659 |       0 |   0.0 |       8 |       0 |   0.0
      Sewer |       0 |     307 | 100.0 |       0 |      47 | 100.0
     Bailey |       0 |    1595 | 100.0 |       0 |      31 | 100.0
            +---------+---------+-------+---------+---------+-------
